[Event "Team 45 45 League T24"]
[Site "Internet Chess Club"]
[Date "2004.09.11"]
[Round "1"]
[White "Unbeliever"]
[Black "chessateer"]
[Result "1-0"]
[WhiteElo "1975"]
[BlackElo "1871"]
[TimeControl "2700+45"]

1. e4 e5 2. f4 exf4 3. Nf3 Be7 4. Bc4 Nf6 5. Nc3 Nxe4 6. Bxf7+ Kxf7 7. Nxe4 d5
8. Nf2 Rf8 9. d4 Kg8 10. O-O Bg4 11. Nxg4 Nd7 12. Nge5 c5 13. Nxd7 Qxd7 14. Ne5
Qb5 15. a4 Qa5 16. Bxf4 cxd4 17. Qe1 Qxe1 18. Raxe1 Bf6 19. Nd7 Rf7 20. Nxf6+
Rxf6 21. Be5 Rxf1+ 22. Rxf1 Rc8 23. Rf2 d3 24. cxd3 Rc1+ 25. Rf1 Rc2 26. Bc3 Re2
27. Re1 Rxe1+ 28. Bxe1 {Black resigns} 1-0

[Event "Team 45 45 League T24"]
[Site "Internet Chess Club"]
[Date "2004.09.11"]
[Round "1"]
[White "room-matt"]
[Black "Zornorph"]
[Result "1/2-1/2"]
[WhiteElo "1872"]
[BlackElo "1902"]
[TimeControl "2700+45"]

1. e4 c6 2. d4 d5 3. e5 Bf5 4. c3 e6 5. Be2 Bxb1 6. Rxb1 c5 7. Nf3 Nc6 8. O-O
Qb6 9. Be3 Rc8 10. a3 g6 11. b4 cxb4 12. axb4 h5 13. Bg5 Bh6 14. Qd2 Nce7 15.
Rb2 Bxg5 16. Nxg5 Nf5 17. Ra1 Nge7 18. b5 Kf8 19. Rba2 Ra8 20. Ra4 Kg7 21. Nf3
Rhc8 22. R1a3 Rd8 23. Qa2 Nc8 24. Qd2 Rd7 25. Qg5 Qd8 26. g3 Rb8 27. Bd3 Qxg5
28. Nxg5 Kh6 29. h4 Ng7 30. f4 Ne8 31. Ra1 Kg7 32. Kf2 b6 33. Kf3 Rbb7 34. g4
hxg4+ 35. Kxg4 Rbc7 36. R4a3 Ne7 37. h5 gxh5+ 38. Kxh5 Nc8 39. Rg1 Kf8 40. Nh7+
Ke7 41. f5 exf5 42. Bxf5 Rd8 43. Kh6 Rb7 44. Rg8 Rc7 45. Nf6 Nxf6 46. exf6+ Kxf6
47. Rxd8 Kxf5 48. Rxd5+ Ke4 49. Re5+ Kd3 50. Kg5 Nd6 51. Rd5 Ne4+ 52. Kf5 Nxc3
53. Rd6 Rc4 54. Ke5 Kd2 55. Rd7 Nxb5 56. Ra2+ Kc3 57. d5 a5 58. Rxf7 Kb3 59. Ra1
Rc5 60. Rf6 Nc3 61. Rxb6+ Kc4 62. Ke6 Nxd5 63. Ra4+ Kc3 64. Rb8 {Game drawn by
mutual agreement} 1/2-1/2

[Event "Team 45 45 League T24"]
[Site "Internet Chess Club"]
[Date "2004.09.12"]
[Round "1"]
[White "CraigCKlein"]
[Black "hoyd"]
[Result "1-0"]
[WhiteElo "1772"]
[BlackElo "1621"]
[TimeControl "2700+45"]

1. d4 Nf6 2. c4 c5 3. d5 b5 4. cxb5 Bb7 5. Nc3 Qa5 6. Bd2 d6 7. e4 Nbd7 8. f4
Qb4 9. Qc2 e6 10. a3 Qa5 11. Nf3 Qc7 12. dxe6 fxe6 13. Ng5 Ke7 14. f5 e5 15. Ne6
Qc8 16. O-O-O Nb6 17. Be2 a6 18. Be3 Kf7 19. bxa6 Bxa6 20. Ng5+ Ke8 21. Qb3 Qc7
22. Bxa6 Rxa6 23. Qb5+ Nfd7 24. Qxa6 Be7 25. Ne6 Qb8 26. Nxg7+ Kf7 27. Ne6 Rg8
28. Qe2 Nf6 29. h4 Qb7 30. Bg5 Nbd7 31. g4 Nf8 32. Bxf6 Nxe6 33. Bxe7 Nd4 34.
Qc4+ Kg7 35. Rxd4 cxd4 36. Bxd6 Re8 37. Qd5 Qc8 38. Bxe5+ Rxe5 39. Qxe5+ Kf8 40.
Qd6+ Kg7 41. Qxd4+ Kf8 42. Qd6+ Kg7 43. g5 Qc4 44. Qf6+ Kg8 45. Qe6+ Qxe6 46.
fxe6 Kf8 47. Rf1+ Ke7 48. Rf6 Kd6 49. Nb5+ Ke7 50. e5 Ke8 51. Nd4 Ke7 52. Nc6+
Ke8 53. Rh6 Kf8 54. Rxh7 Kg8 55. Ra7 Kf8 56. h5 Kg8 57. h6 Kh8 58. g6 Kg8 59.
Ra8# {Black checkmated} 1-0

[Event "Team 45 45 League T24"]
[Site "Internet Chess Club"]
[Date "2004.09.12"]
[Round "1"]
[White "Gardener"]
[Black "MrAnderssen"]
[Result "0-1"]
[WhiteElo "1563"]
[BlackElo "1599"]
[TimeControl "2700+45"]

1. e4 c5 2. Bc4 Nc6 3. Nc3 d6 4. f4 Nf6 5. h3 g6 6. Nf3 Bg7 7. d3 O-O 8. g4 e6
9. Qe2 d5 10. Bb5 a6 11. Bxc6 bxc6 12. e5 Ne8 13. g5 Nc7 14. Na4 Qe7 15. b3 Nb5
16. c4 Nd4 17. Nxd4 cxd4 18. Qf2 dxc4 19. bxc4 Qb4+ 20. Bd2 Qxa4 21. Qxd4 Rb8
22. h4 Qc2 23. Ke2 Rb2 24. Rhd1 Rxa2 25. Rac1 Qb2 26. Qd6 Qb7 27. Rb1 Qd7 28.
Qb4 c5 29. Qb3 Ra4 30. Be3 Rb4 31. Qa3 Rxb1 32. Rxb1 Rd8 33. Bxc5 Bf8 34. Bxf8
Rxf8 35. Qc5 Rd8 36. Qe3 Qd4 37. Qxd4 Rxd4 38. Rb8 Rd8 39. c5 Kf8 40. c6 Ke7 41.
Kd2 Re8 42. Kc3 Kd8 43. Ra8 Kc7 44. Ra7+ Kxc6 45. Rxf7 Rh8 46. Kc4 h6 47. Rf6
hxg5 48. hxg5 Rh4 49. d4 a5 50. d5+ Kb7 51. dxe6 Bxe6+ 52. Rxe6 Rxf4+ 53. Kb5 a4
54. Rxg6 a3 55. e6 a2 56. e7 a1=Q 57. Rb6+ Kc7 58. e8=Q Qa4+ {White resigns} 0-1

[Event "Team 45 45 League T24"]
[Site "Internet Chess Club"]
[Date "2004.09.12"]
[Round "1"]
[White "billarvola"]
[Black "HadshiHalefOmar"]
[Result "1/2-1/2"]
[WhiteElo "1953"]
[BlackElo "1897"]
[TimeControl "2700+45"]

1. d4 d5 2. c4 c6 3. Nf3 Nf6 4. Nc3 a6 5. c5 Nbd7 6. Bf4 Nh5 7. e3 Nxf4 8. exf4
b6 9. b4 g6 10. Bd3 Qc7 11. g3 Bg7 12. Rc1 a5 13. a3 axb4 14. axb4 bxc5 15. bxc5
Ra3 16. Qd2 Qa5 17. Ne2 O-O 18. Qxa5 Rxa5 19. Ne5 Bxe5 20. fxe5 Ba6 21. Bxa6
Rxa6 22. Kd2 Rfa8 23. Nc3 e6 24. Rb1 Kf8 25. Rb7 Ke8 26. Rhb1 Kd8 27. R1b3 Kc8
28. Ke3 Ra3 29. Kf4 Rxb3 30. Rxb3 h6 31. h4 Rb8 32. Rxb8+ Nxb8 33. Nd1 Kd8 34.
Ne3 Ke7 35. Ng4 h5 36. Nf6 Na6 37. f3 Nb4 38. Ke3 Nc2+ 39. Kd3 Ne1+ 40. Ke3 Nc2+
41. Kd3 Ne1+ 42. Ke3 Nc2+ 43. Kd3 {Game drawn by repetition} 1/2-1/2

[Event "Team 45 45 League T24"]
[Site "Internet Chess Club"]
[Date "2004.09.12"]
[Round "1"]
[White "nminwalla"]
[Black "Bloomington"]
[Result "0-1"]
[WhiteElo "1674"]
[BlackElo "1868"]
[TimeControl "2700+45"]

1. e4 c5 2. Nf3 Nc6 3. d4 cxd4 4. Nxd4 Nf6 5. Nc3 e6 6. Nxc6 bxc6 7. Bd3 d5 8.
Bg5 d4 9. Ne2 Rb8 10. Rb1 e5 11. O-O Be6 12. b3 h6 13. Bh4 Bd6 14. f4 O-O 15.
Kh1 Bg4 16. Qe1 Re8 17. fxe5 Bxe5 18. Qf2 Qd6 19. Bg3 Bxg3 20. Nxg3 Qe5 21. Rbe1
c5 22. h3 Bc8 23. Nf5 Bxf5 24. Qxf5 a5 25. a4 Re7 26. Qxe5 Rxe5 27. Rf5 Rbe8 28.
Rxe5 Rxe5 29. Kh2 Kf8 30. Kg3 Ke7 31. Kf3 Nd5 32. Re2 Nc3 33. Rf2 Re6 34. g3 h5
35. Rf1 Rf6+ 36. Kg2 Rxf1 37. Kxf1 Kd6 38. Kg2 Ke5 39. Kf3 f6 40. g4 hxg4+ 41.
hxg4 g5 42. Kf2 Kf4 43. Be2 Nxe2 44. Kxe2 Kxe4 45. Kd2 Kf4 46. Kd3 {White
resigns} 0-1

[Event "Team 45 45 League T24"]
[Site "Internet Chess Club"]
[Date "2004.09.13"]
[Round "1"]
[White "Guesswho"]
[Black "vvsi"]
[Result "1-0"]
[WhiteElo "1582"]
[BlackElo "1548"]
[TimeControl "2700+45"]

1. e4 e5 2. Nf3 Nf6 3. Nxe5 d6 4. Nf3 Nxe4 5. d4 d5 6. c4 Bb4+ 7. Bd2 Bxd2+ 8.
Nbxd2 Nxd2 9. Qxd2 Qe7+ 10. Qe2 Qxe2+ 11. Bxe2 dxc4 12. Bxc4 O-O 13. O-O Nc6 14.
a3 Bg4 15. Ne5 Nxe5 16. dxe5 Rad8 17. f3 Rd4 18. Rac1 Bf5 19. Rfd1 Rfd8 20. Rxd4
Rxd4 21. Rc3 c6 22. b4 b6 23. Ba6 Bd7 24. Bb7 Kf8 25. Bxc6 Ke7 26. Bxd7 Kxd7 27.
Kf2 b5 28. Ke3 Rd1 29. Rd3+ Rxd3+ 30. Kxd3 Kc6 31. Kd4 h5 32. h4 g6 33. f4 a6
34. g3 Kd7 35. Kd5 Kc7 36. e6 f6 37. Kc5 {Black resigns} 1-0

[Event "Team 45 45 League T24"]
[Site "Internet Chess Club"]
[Date "2004.09.09"]
[Round "1"]
[White "six-killer"]
[Black "LeonieHelm"]
[Result "1-0"]
[WhiteElo "1796"]
[BlackElo "1773"]
[TimeControl "2700+45"]

1. e4 e5 2. Nf3 Nc6 3. Bb5 a6 4. Bxc6 dxc6 5. O-O Qd6 6. Na3 b5 7. c3 c5 8. Nc2
Bb7 9. Re1 Nf6 10. d4 cxd4 11. cxd4 Nd7 12. d5 Be7 13. Ne3 g6 14. Ng4 O-O-O 15.
Qc2 h5 16. Ne3 Nf6 17. Ng5 Rdf8 18. Nf1 Ng4 19. h3 Nf6 20. Bd2 h4 21. a4 Nh5 22.
Rec1 Nf4 23. Bb4 Qd7 24. Bxe7 Qxe7 25. axb5 axb5 26. Ra5 Nxg2 27. Rxb5 Nf4 28.
Nf3 Nxh3+ 29. Kh2 Nf4 30. Rxb7 Kxb7 31. Qc6+ Kc8 32. Ra1 {Black resigns} 1-0

[Event "Team 45 45 League T24"]
[Site "Internet Chess Club"]
[Date "2004.09.11"]
[Round "1"]
[White "rayonline53"]
[Black "Frobert"]
[Result "0-1"]
[WhiteElo "1587"]
[BlackElo "1579"]
[TimeControl "2700+45"]

1. d4 d5 2. Nf3 e6 3. c4 Bb4+ 4. Nc3 a5 5. e3 Nf6 6. Qc2 c6 7. Bd3 dxc4 8. Bxc4
Nbd7 9. O-O Nd5 10. Bd2 O-O 11. Rfe1 Qe7 12. Bd3 N7f6 13. Rad1 Bd6 14. e4 Nb4
15. Qb1 Nxd3 16. Qxd3 Bc7 17. Bg5 h6 18. Bh4 g5 19. Nxg5 hxg5 20. Bxg5 e5 21.
dxe5 Bxe5 22. f4 Bg4 23. Rd2 Rad8 24. Qc2 Rxd2 25. Qxd2 Rd8 26. Qc2 Bd4+ 27. Kh1
Qc5 28. e5 Bf2 29. Rf1 Be3 30. Bxf6 Qc4 31. Rb1 Rd2 32. Qe4 Qxe4 33. Nxe4 Re2
34. Nc3 Rc2 35. h3 Bf5 36. g4 Bd3 37. Rd1 Rc1 38. Rxc1 Bxc1 39. Na4 Be4+ 40. Kg1
b5 41. Nc5 Be3+ 42. Kf1 Bxc5 43. Ke2 Bd5 44. Kd3 Bxa2 45. f5 Bd5 46. h4 b4 47.
g5 a4 48. g6 a3 49. bxa3 bxa3 50. h5 Bf8 51. e6 fxe6 52. fxe6 Bxe6 {White
resigns} 0-1

[Event "Team 45 45 League T24"]
[Site "Internet Chess Club"]
[Date "2004.09.11"]
[Round "1"]
[White "forquesato"]
[Black "jantonio"]
[Result "1-0"]
[WhiteElo "1664"]
[BlackElo "1622"]
[TimeControl "2700+45"]

1. e4 d6 2. Nf3 Nf6 3. Nc3 g6 4. d4 Bg7 5. h3 O-O 6. Be3 b6 7. Bc4 Bb7 8. Qd3
Nxe4 9. Nxe4 d5 10. Bxd5 Bxd5 11. c4 Bb7 12. Rd1 c5 13. O-O Nc6 14. Nc3 cxd4 15.
Nxd4 Ne5 16. Qe2 Qc8 17. b3 e6 18. Bf4 Qc7 19. Kh1 a6 20. Rfe1 Bxg2+ 21. Kxg2
Qb7+ 22. Qe4 Qxe4+ 23. Nxe4 Nd7 24. Nc6 e5 25. Bc1 f5 26. Rxd7 fxe4 27. Rxe4
Rae8 28. Bb2 Rf5 29. Ne7+ {Black resigns} 1-0

[Event "Team 45 45 League T24"]
[Site "Internet Chess Club"]
[Date "2004.09.12"]
[Round "1"]
[White "bbentrup"]
[Black "locchessmonster"]
[Result "0-1"]
[WhiteElo "2038"]
[BlackElo "1914"]
[TimeControl "2700+45"]

1. e4 e6 2. d4 d5 3. Nd2 Nf6 4. e5 Nfd7 5. f4 c5 6. c3 Nc6 7. Ndf3 Qb6 8. Ne2
cxd4 9. Nfxd4 Bc5 10. g3 O-O 11. Bh3 Nxd4 12. cxd4 Bb4+ 13. Bd2 Nb8 14. O-O Nc6
15. Be3 Bd7 16. Rf2 Rac8 17. Rc1 Na5 18. Rxc8 Rxc8 19. f5 Nc4 20. fxe6 Bxe6 21.
Bxe6 fxe6 22. Bc1 Be7 23. Kg2 Qc6 24. Nf4 Bg5 25. Qg4 Bxf4 26. Bxf4 Rf8 27. Kh3
Qd7 28. Rc2 b5 29. b3 Na5 30. Qe2 Nb7 31. Bc1 a6 32. Ba3 Rc8 33. Qf2 a5 34. Bc5
Nxc5 35. dxc5 b4 36. Qd4 Qc6 37. Kg2 Kf8 38. Kf2 Rc7 39. Ke3 Rf7 40. Kd3 Qb5+
41. Ke3 Qf1 42. Kd2 Rf2+ 43. Ke3 Qe1+ 44. Kd3 Rf3+ 45. Qe3 Qxe3# {White
checkmated} 0-1

[Event "Team 45 45 League T24"]
[Site "Internet Chess Club"]
[Date "2004.09.10"]
[Round "1"]
[White "Rossinantes"]
[Black "chesskilleruk"]
[Result "1/2-1/2"]
[WhiteElo "2385"]
[BlackElo "2255"]
[TimeControl "2700+45"]

1. d4 c6 2. c4 d6 3. Nf3 Qc7 4. Nc3 Nd7 5. e4 e5 6. Be2 Ngf6 7. O-O g6 8. d5 Nc5
9. Qc2 cxd5 10. Nxd5 Nxd5 11. cxd5 a5 12. Be3 b6 13. b3 Bd7 14. a3 Qd8 15. Nd2
Rc8 16. Qb1 Be7 17. f4 O-O 18. fxe5 dxe5 19. Nc4 Bg5 20. Bxc5 Rxc5 21. Nxe5 Qc7
22. Nxd7 Qxd7 23. a4 Qa7 24. Kh1 Qe7 25. Bc4 Bf6 26. Ra2 Be5 27. Qd3 Bd6 28.
Raf2 Qe5 29. g3 Rc7 30. Rf4 Re8 31. Qe3 Rb7 32. Rh4 f5 33. Bb5 Ree7 34. Bd3 Rf7
35. Qc1 Rbc7 36. Qd1 Rc3 37. exf5 gxf5 38. Rhf4 Qxd5+ 39. R4f3 Rxb3 40. Qe2 Rc3
41. Bb1 Rxf3 42. Rxf3 Re7 43. Ba2 Rxe2 44. Bxd5+ Kg7 45. Rxf5 Re5 46. Rxe5 Bxe5
47. Kg2 Kf6 48. Kf3 {Game drawn by mutual agreement} 1/2-1/2

[Event "Team 45 45 League T24"]
[Site "Internet Chess Club"]
[Date "2004.09.12"]
[Round "1"]
[White "IAMC"]
[Black "WesleyCrusher"]
[Result "0-1"]
[WhiteElo "2100"]
[BlackElo "2154"]
[TimeControl "2700+45"]

1. e4 c5 2. Nc3 e6 3. g3 a6 4. Bg2 Nc6 5. d3 g6 6. Be3 d6 7. Qd2 Bg7 8. Nf3 Nge7
9. Bh6 O-O 10. Bxg7 Kxg7 11. O-O d5 12. e5 Qc7 13. Rae1 Nf5 14. h3 Nfd4 15. Nh2
Nxe5 16. Qf4 f6 17. Ng4 Nef3+ 18. Bxf3 Qxf4 19. gxf4 Nxf3+ 20. Kg2 Nxe1+ 21.
Rxe1 h5 22. Nh2 Bd7 23. Nf3 Rfe8 24. h4 b5 25. Kg3 Rac8 26. Nb1 d4 27. Nbd2 Bc6
28. b3 Bd5 29. Ne4 Bxe4 30. Rxe4 Kf7 31. Nd2 Red8 32. Kf3 Rd5 33. Re1 Re8 34.
Ne4 e5 35. f5 gxf5 36. Ng3 Rc8 37. Nxf5 c4 38. Ke4 Rd7 39. Rg1 cxd3 40. cxd3 Rc2
41. f4 Re2+ 42. Kf3 Rxa2 43. Nh6+ Ke6 44. f5+ Kd5 45. Ng8 Rf7 46. Rg6 e4+ 47.
dxe4+ Ke5 48. Nh6 Rc7 49. Ng4+ hxg4+ 50. Kxg4 {White resigns} 0-1

[Event "Team 45 45 League T24"]
[Site "Internet Chess Club"]
[Date "2004.09.14"]
[Round "1"]
[White "gringo"]
[Black "Nikolay"]
[Result "0-1"]
[WhiteElo "2229"]
[BlackElo "2330"]
[TimeControl "2700+45"]

1. e4 e5 2. Nf3 Nc6 3. Bc4 Bc5 4. c3 Nf6 5. d4 exd4 6. cxd4 Bb4+ 7. Nc3 Nxe4 8.
O-O Bxc3 9. d5 Bf6 10. Re1 Ne7 11. Rxe4 d6 12. Bg5 Bxg5 13. Nxg5 h6 14. Qh5 O-O
15. Rae1 Nf5 16. Re8 Qxg5 17. Qxg5 hxg5 18. Bb5 c6 19. dxc6 Be6 20. Rxa8 Rxa8
21. cxb7 Rb8 22. Ba6 Kf8 23. Rc1 Ne7 24. a4 Ke8 25. a5 Kd8 26. b4 Bd5 27. Rd1
Bxb7 {White resigns} 0-1

[Event "Team 45 45 League T24"]
[Site "Internet Chess Club"]
[Date "2004.09.11"]
[Round "1"]
[White "jtayar88"]
[Black "Satan"]
[Result "1-0"]
[WhiteElo "2213"]
[BlackElo "2178"]
[TimeControl "2700+45"]

1. e4 c5 2. Nf3 d6 3. d4 cxd4 4. Nxd4 Nf6 5. Nc3 a6 6. Bg5 e6 7. f4 Qb6 8. Qd2
Qxb2 9. Rb1 Qa3 10. f5 Nc6 11. fxe6 fxe6 12. Nxc6 bxc6 13. e5 dxe5 14. Bxf6 gxf6
15. Ne4 Qxa2 16. Rd1 Be7 17. Be2 O-O 18. O-O Ra7 19. Rf3 Rd7 20. Qh6 Rxd1+ 21.
Bxd1 Rf7 22. Rg3+ Kh8 23. Qh5 Qa5 24. h3 Qe1+ 25. Kh2 Rf8 26. Qg4 Qxg3+ 27. Nxg3
f5 28. Qc4 Bd7 29. Qxa6 e4 30. Nh5 Bd6+ 31. g3 e5 32. Qb7 Rf7 33. Qb3 Rf8 34.
Qe3 f4 35. gxf4 exf4 36. Qd4+ {Black resigns} 1-0

[Event "Team 45 45 League T24"]
[Site "Internet Chess Club"]
[Date "2004.09.11"]
[Round "1"]
[White "VincentB"]
[Black "Falhari"]
[Result "0-1"]
[WhiteElo "1483"]
[BlackElo "2002"]
[TimeControl "2700+45"]

1. Nf3 d5 2. c4 dxc4 3. e3 Nf6 4. Bxc4 e6 5. O-O c5 6. Nc3 Nc6 7. a3 Be7 8. d3
O-O 9. Qc2 a6 10. Ba2 b5 11. Bd2 Bb7 12. Rad1 Qc7 13. Ne2 Rac8 14. Qb1 Bd6 15.
Ng3 Ne5 16. Ng5 Qc6 17. e4 Rfe8 18. f4 Ng6 19. f5 Ne5 20. fxe6 Re7 21. exf7+ Kh8
22. Ne6 Rxf7 23. Nd8 Rxd8 24. Bxf7 Nxf7 25. Bf4 Ne5 26. Nf5 Neg4 27. Nxd6 Rxd6
28. Bxd6 Qxd6 29. g3 Qd4+ 30. Kh1 Nf2+ 31. Rxf2 Qxf2 32. Rf1 Qd4 33. Qc2 h6 34.
Qe2 c4 35. Rf4 cxd3 36. Qd2 Bxe4+ 37. Rxe4 Nxe4 38. Qf4 Nf2+ 39. Kg2 Qxf4 40.
gxf4 d2 41. Kxf2 d1=Q {White resigns} 0-1

[Event "Team 45 45 League T24"]
[Site "Internet Chess Club"]
[Date "2004.09.10"]
[Round "1"]
[White "ratty"]
[Black "onslaught"]
[Result "0-1"]
[WhiteElo "2140"]
[BlackElo "2340"]
[TimeControl "2700+45"]

1. d4 Nf6 2. Bg5 Ne4 3. Bf4 c5 4. f3 Nf6 5. d5 Qb6 6. Nc3 Qxb2 7. Bd2 Qb6 8. e4
d6 9. Rb1 Qc7 10. Bc4 g6 11. f4 Bg7 12. Nf3 Bg4 13. h3 Bxf3 14. Qxf3 O-O 15. g4
Nbd7 16. Ne2 a6 17. a4 b5 18. axb5 axb5 19. Bxb5 Rfb8 20. g5 Nh5 21. O-O f6 22.
Qg4 Nf8 23. Nc3 Ra3 24. gxf6 Bxf6 25. e5 dxe5 26. Bc4 Kg7 27. f5 Rxb1 28. Rxb1
e4 29. Nxe4 Bd4+ 30. Kh1 Qe5 31. Re1 Qxf5 32. Qxf5 gxf5 33. Ng5 Kf6 34. Bb3 Ra1
35. Rxa1 Bxa1 36. Nf3 Ng3+ 37. Kg2 Ne4 38. Ba5 Nd7 39. Bd8 Ne5 40. Ba4 Nc4 41.
Kf1 Ne3+ 42. Ke2 Nxd5 43. Bc6 Nf4+ 44. Ke3 Nxh3 45. Bxe4 fxe4 46. Kxe4 Ke6 47.
Bb6 Kd6 48. Kf5 Kd5 49. Kg4 Nf2+ 50. Kh5 Ne4 51. Kh6 Nf6 52. Nd2 Be5 53. c4+ Kc6
54. Ba5 Bf4+ 55. Kg7 Bxd2 56. Bxd2 h5 57. Bg5 Kd6 58. Kf7 Kd7 59. Bh4 Kd6 60.
Bg5 Ke5 61. Kxe7 Ne4 62. Be3 h4 63. Kd7 h3 64. Bg1 Kf4 65. Bh2+ Kf3 66. Be5 Ng3
{White resigns} 0-1

[Event "Team 45 45 League T24"]
[Site "Internet Chess Club"]
[Date "2004.09.12"]
[Round "1"]
[White "MSStateBulldog"]
[Black "Baffler"]
[Result "1-0"]
[WhiteElo "2324"]
[BlackElo "2131"]
[TimeControl "2700+45"]

1. e4 c5 2. c3 d5 3. exd5 Qxd5 4. d4 Nc6 5. Nf3 e5 6. Nxe5 Nxe5 7. dxe5 Qxe5+ 8.
Be3 Bd7 9. Qb3 Nf6 10. Nd2 O-O-O 11. O-O-O Be6 12. Qa4 Nd5 13. Nf3 Qb8 14. Bc4
Be7 15. Rhe1 a6 16. Kb1 h6 17. Bxd5 Bxd5 18. Bf4 Bd6 19. Rxd5 Bxf4 20. Rxc5+ Bc7
21. Qg4+ {Black resigns} 1-0

[Event "Team 45 45 League T24"]
[Site "Internet Chess Club"]
[Date "2004.09.11"]
[Round "1"]
[White "kikian"]
[Black "Tornon"]
[Result "1/2-1/2"]
[WhiteElo "1839"]
[BlackElo "2060"]
[TimeControl "2700+45"]

1. e4 d5 2. exd5 Nf6 3. d4 Nxd5 4. c4 Nb6 5. Nf3 g6 6. c5 Nd5 7. Bc4 Bg7 8. Nc3
c6 9. O-O O-O 10. Re1 Bg4 11. h3 Bxf3 12. Qxf3 Bxd4 13. Nxd5 cxd5 14. Bxd5 Nc6
15. Bh6 Bg7 16. Bxg7 Kxg7 17. Bxc6 bxc6 18. Qxc6 Rc8 19. Qb5 Qd4 20. Rxe7 Rxc5
21. Qb3 a6 22. Rd1 Qf6 23. Re3 Rb5 24. Qa3 Rxb2 25. Rf3 Qb6 26. Rd7 Qb5 27. Qe7
Rb1+ 28. Kh2 Qc4 29. Qf6+ Kg8 30. h4 Qxa2 31. h5 Qe6 32. h6 Qxf6 33. Rxf6 a5 34.
Ra7 Ra1 35. g4 a4 36. Rfa6 Re8 37. Rxa4 Rxa4 38. Rxa4 Kf8 39. Ra7 Re7 40. Ra4 f6
41. Kg3 Kf7 42. g5 fxg5 43. Kg4 Kf6 44. Ra6+ Re6 45. Rxe6+ Kxe6 46. Kxg5 Ke5 47.
f3 Ke6 48. f4 Ke7 49. f5 gxf5 50. Kxf5 Kf7 51. Kg5 {Game drawn by mutual
agreement} 1/2-1/2

[Event "Team 45 45 League T24"]
[Site "Internet Chess Club"]
[Date "2004.09.10"]
[Round "1"]
[White "Quoyle"]
[Black "Catalog"]
[Result "1-0"]
[WhiteElo "2495"]
[BlackElo "2201"]
[TimeControl "2700+45"]

1. d4 Nf6 2. c4 g6 3. Nc3 Bg7 4. e4 d6 5. Nf3 O-O 6. Be2 e5 7. d5 a5 8. Bg5 Na6
9. Nd2 Bd7 10. O-O h6 11. Be3 Nxe4 12. Ndxe4 f5 13. f3 fxe4 14. Nxe4 Bf5 15. Bd3
b6 16. Qd2 g5 17. Ng3 Bxd3 18. Qxd3 Nb8 19. Rab1 Nd7 20. b3 Qf6 21. a3 Qf7 22.
Rf2 Rfb8 23. b4 axb4 24. axb4 Ra4 25. Ne4 Rba8 26. h3 Ra3 27. Rb3 Ra1+ 28. Rf1
Nf6 29. Rxa1 Rxa1+ 30. Rb1 Rxb1+ 31. Qxb1 Nxe4 32. Qxe4 Qf6 33. Qg4 Kf7 34. c5
bxc5 35. bxc5 dxc5 36. Bxc5 Bf8 37. Qd7+ Kg6 38. Qe8+ Kg7 39. Bxf8+ Qxf8 40.
Qxe5+ Kg6 41. Qxc7 Qa3 42. Qe5 Qc1+ 43. Kh2 Qf4+ 44. Qxf4 gxf4 45. h4 Kf5 46.
g4+ fxg3+ 47. Kxg3 h5 48. f4 Kf6 49. Kf3 {Black resigns} 1-0

[Event "Team 45 45 League T24"]
[Site "Internet Chess Club"]
[Date "2004.09.10"]
[Round "1"]
[White "EdBorowski"]
[Black "Zeigma"]
[Result "1-0"]
[WhiteElo "2040"]
[BlackElo "2301"]
[TimeControl "2700+45"]

1. Nf3 Nf6 2. d4 d5 3. Bf4 c5 4. c3 Nc6 5. e3 Qb6 6. Qc2 g6 7. Be2 Bf5 8. dxc5
Qxc5 9. Bd3 Bxd3 10. Qxd3 Bg7 11. O-O Nh5 12. Bg3 O-O 13. Nbd2 Nxg3 14. hxg3
Rfd8 15. Nd4 e5 16. Nxc6 Qxc6 17. Rac1 b5 18. Rfd1 f5 19. Qe2 a5 20. g4 Re8 21.
gxf5 gxf5 22. Qf3 Qe6 23. Nf1 {Black got disconnected and forfeits} 1-0

[Event "Team 45 45 League T24"]
[Site "Internet Chess Club"]
[Date "2004.09.12"]
[Round "1"]
[White "burnsja2003"]
[Black "CraigCKlein"]
[Result "0-1"]
[WhiteElo "1700"]
[BlackElo "1785"]
[TimeControl "2700+45"]

1. d4 Nf6 2. c4 e6 3. Bg5 c5 4. Bxf6 Qxf6 5. Nf3 cxd4 6. Nxd4 Bc5 7. e3 Nc6 8.
Nb5 O-O 9. N1c3 a6 10. Nd6 Bb4 11. Rc1 Ne5 12. Be2 Rd8 13. O-O Qe7 14. Nce4 f5
15. Nxc8 Raxc8 16. Ng3 Qh4 17. f4 Ng6 18. a3 Bc5 19. Rc3 Nxf4 20. Kh1 Nxe2 21.
Qxe2 Bd6 22. Rf3 Be5 23. Rb3 Bxg3 24. Rxg3 Qxc4 25. Qxc4 Rxc4 26. h3 b5 27. Rf3
h5 28. Rf4 d5 29. h4 g6 30. g3 e5 31. Rf3 e4 32. Rf2 d4 33. Rd2 d3 34. Kg2 Rc2
35. Rxc2 dxc2 36. Rc3 Rd2+ 37. Kh3 Kf7 38. b3 Ke6 39. a4 b4 40. Rc8 Kd7 41. Rc4
Re2 42. a5 Rxe3 43. Rxc2 Rxb3 {White resigns} 0-1

[Event "Team 45 45 League T24"]
[Site "Internet Chess Club"]
[Date "2004.09.11"]
[Round "1"]
[White "Pilgrim"]
[Black "flachtenai"]
[Result "0-1"]
[WhiteElo "1593"]
[BlackElo "1611"]
[TimeControl "2700+45"]

1. e4 c6 2. d3 d5 3. Nd2 e5 4. Ngf3 Bd6 5. g3 Ne7 6. Bg2 O-O 7. O-O Nd7 8. Nh4
f5 9. exf5 Nxf5 10. Ndf3 Nxh4 11. Nxh4 Nf6 12. Bg5 Be6 13. h3 Qd7 14. Kh2 Rae8
15. f4 exf4 16. Bxf4 Bxf4 17. Rxf4 g5 18. Rxf6 Rxf6 19. Nf3 g4 20. Ne5 Qg7 21.
Nxg4 Bxg4 22. Qxg4 Qxg4 23. hxg4 Rf2 24. c4 Ree2 25. Rg1 Rxb2 26. cxd5 Rxa2 27.
dxc6 bxc6 28. Kh3 Rxg2 29. Rxg2 Rxg2 30. Kxg2 a5 {White resigns} 0-1

[Event "Team 45 45 League T24"]
[Site "Internet Chess Club"]
[Date "2004.09.12"]
[Round "1"]
[White "softpawn"]
[Black "Smart"]
[Result "1-0"]
[WhiteElo "1485"]
[BlackElo "1501"]
[TimeControl "2700+45"]

1. e4 c5 2. Nf3 d6 3. Bd3 g6 4. c3 Bg7 5. Bc2 Nc6 6. O-O Nf6 7. Re1 O-O 8. h3
Bd7 9. d4 cxd4 10. cxd4 Qb6 11. Nc3 Na5 12. e5 Nh5 13. Nd5 Qd8 14. b3 Bh8 15.
exd6 exd6 16. Ne7+ Kg7 17. Qd2 f5 18. Qh6+ Kf7 19. Ng5+ Ke8 20. Nc6+ Be6 21.
Nxd8 Rxd8 22. Nxe6 Kf7 23. Nxd8+ Rxd8 24. Qxh7+ Bg7 25. Bh6 Rh8 26. Qxg7+ Nxg7
27. Bxg7 Kxg7 28. Re7+ Kf6 29. Rae1 Rb8 30. f4 Nc6 31. R1e6# {Black checkmated}
1-0

[Event "Team 45 45 League T24"]
[Site "Internet Chess Club"]
[Date "2004.09.10"]
[Round "1"]
[White "rabanito"]
[Black "cgf"]
[Result "1/2-1/2"]
[WhiteElo "1500"]
[BlackElo "1404"]
[TimeControl "2700+45"]

1. e4 e5 2. Nf3 Nc6 3. Bb5 a6 4. Ba4 Nf6 5. O-O Be7 6. Re1 b5 7. Bb3 O-O 8. a4
Bb7 9. d3 d6 10. Nc3 b4 11. Ne2 a5 12. c3 Nd7 13. d4 Re8 14. d5 Ncb8 15. Ng3 g6
16. Qd2 c5 17. h4 Ba6 18. Qh6 Bf8 19. Qg5 Be7 20. Qg4 Nf6 21. Qh3 Qd7 22. Qxd7
Nbxd7 23. Bd1 h5 24. Ng5 Nb6 25. Be3 Nc4 26. b3 Nxe3 27. Rxe3 Nh7 28. Nf3 Nf6
29. c4 Bc8 30. Nh2 Nh7 31. Nf3 Nf6 32. Nh2 Nh7 33. Nf3 Bg4 34. Nf1 Bxf3 35. Rxf3
Bxh4 36. Nd2 Ng5 37. Re3 Nh7 38. Rh3 Bg5 39. Nf3 Be7 40. Rg3 h4 41. Rg4 Nf6 42.
Rxh4 Nxd5 43. exd5 Bxh4 44. Nxh4 Kg7 45. Bc2 Rh8 46. g3 Rh6 47. Kg2 Rah8 48. Re1
Kf6 49. Re3 {Game drawn by mutual agreement} 1/2-1/2

[Event "Team 45 45 League T24"]
[Site "Internet Chess Club"]
[Date "2004.09.14"]
[Round "1"]
[White "siddhu"]
[Black "hondocando"]
[Result "0-1"]
[WhiteElo "1818"]
[BlackElo "1647"]
[TimeControl "2700+45"]

1. e4 e6 2. d4 d5 3. exd5 exd5 4. Nf3 Nc6 5. Bb5 Bd7 6. Bxc6 Bxc6 7. Qe2+ Qe7 8.
Qxe7+ Nxe7 9. O-O O-O-O 10. a4 a5 11. c3 Ng6 12. Re1 Kb8 13. Bg5 f6 14. Bd2 Bd6
15. b4 axb4 16. cxb4 Nf4 17. Bxf4 Bxf4 18. b5 Bd7 19. Nc3 c6 20. bxc6 bxc6 21.
a5 Rhe8 22. Rxe8 Rxe8 23. a6 Ka7 24. Na4 Rb8 25. Nc5 Bc8 26. g3 Bd6 27. Nb7 Bxb7
28. axb7+ Kxb7 29. Rb1+ Ka6 30. Ra1+ Kb7 31. Rb1+ Kc7 32. Rxb8 Kxb8 33. Kf1 Kb7
34. Ke2 Kb6 35. Kd3 Kb5 36. Ne1 Kb4 37. Nc2+ Kb3 38. Ne3 g6 39. f3 Kb4 40. f4
Kb5 41. Ng4 Be7 42. h3 Kb4 43. Nh6 Kb3 44. g4 Kb2 45. Nf7 Kc1 46. h4 Kd1 47. g5
f5 48. Ne5 c5 49. dxc5 Bxc5 50. Nd7 Bd6 51. Ne5 Ke1 52. Kd4 Kf2 53. Kxd5 Bb8 54.
Nd7 Bxf4 55. Ke6 Bg3 56. Kf7 Bxh4 57. Kg7 f4 58. Kxh7 Bxg5 59. Kxg6 Be7 60. Ne5
Ke3 61. Kf5 Bd8 62. Nd3 f3 63. Kg4 Bc7 64. Ne1 f2 {White resigns} 0-1